Map: Shrines of Lizul

Players

YasDAgeiron

  • Race: Zerg Zerg
  • League: Platinum
  • Spawn Location: 6:00

RunAway

  • Race: Protoss Protoss
  • Spawn Location: 9:00

ruthsalt - Winner!

  • Race: Protoss Protoss
  • League: Platinum
  • Spawn Location: 12:00

DeathJester - Winner!

  • Race: Protoss Protoss
  • League: Platinum
  • Spawn Location: 3:00

VOD

Have the link to the VOD?

Description

Time

  • Played on: March 3, 2019, 9:39 a.m.
  • Length: 9:08
Show
View Real Time Build Order
Export as new Build Order

YasDAgeiron Zerg 

Build Orders: Pool First 

Get SALT Encoding   

  12  0:03  Drone  
  13  0:08  Drone  
  14  0:23  Overlord  
  14  0:36  Extractor  
  14  0:37  Drone  
  14  0:43  Drone x2  
  16  0:54  Spawning Pool  
  16  0:55  Drone  
  16  1:06  Drone  
  17  1:27  Drone  
  18  1:43  Zergling x6  
  18  1:45  Metabolic Boost  
  18  1:47  Hatchery  
  20  1:58  Zergling x2  
  21  2:08  Zergling x2  
  22  2:21  Overlord  
  22  2:39  Queen  
  24  2:50  Zergling x6  
  26  3:04  Zergling x2  
  26  3:05  Zergling x2  
  25  3:13  Zergling x4  
  26  3:32  Drone x3  
  29  3:38  Drone  
  30  3:48  Baneling Nest  
  30  3:50  Extractor  
  30  3:54  Drone  
  30  3:55  Drone x2  
  31  3:57  Queen  
  31  3:59  Lair  
  33  4:08  Overlord  
  33  4:09  Overlord x3  
  33  4:24  Overlord  
  33  4:33  Drone x4  
  33  4:34  Drone  
  38  4:41  Drone x3  
  41  4:46  Drone  
  41  4:49  Baneling x3  
  41  4:50  Baneling  
  42  4:57  Drone x3  
  45  5:05  Spire  
  44  5:09  Drone x2  
  44  5:14  Drone x2  
  48  5:33  Drone x7  
  48  5:34  Drone x2  
  57  5:54  Overlord x2  
  57  5:58  Extractor  
  57  6:01  Overlord x3, Extractor  
  55  6:05  Queen  
  55  6:35  Mutalisk x6  
  67  6:47  Mutalisk  
  67  6:53  Zergling x10  
  74  6:56  Mutalisk  
  76  7:01  Baneling x4  
  76  7:02  Baneling  
  68  7:42  Mutalisk x2  
  68  7:43  Mutalisk x2  
  50  8:17  Mutalisk x3  
  35  8:33  Hatchery  
  34  8:36  Hatchery  
Show
View Real Time Build Order
Export as new Build Order

RunAway Protoss 

Build Orders:  

Get SALT Encoding   

  12  0:01  Probe  
  13  0:15  Pylon  
  13  0:26  Probe  
  14  0:34  Gateway, Probe  
  15  0:42  Probe  
  16  0:51  Assimilator  
  16  0:53  Probe  
  17  1:05  Probe  
  17  1:07  Pylon  
  18  1:17  Probe  
  19  1:25  Cybernetics Core  
  19  1:30  Probe  
  20  1:42  Probe  
  21  1:49  Gateway  
  21  1:53  Warp Gate  
  21  1:54  Probe  
  22  1:59  Pylon  
  22  2:01  Assimilator  
  22  2:06  Probe  
  23  2:18  Probe  
  23  2:19  Stalker  
  26  2:30  Probe  
  27  2:40  Gateway  
  27  2:42  Probe  
  27  2:45  Stalker  
  29  2:54  Probe  
  30  3:00  Robotics Facility  
  30  3:06  Probe  
  30  3:12  Stalker  
  33  3:18  Probe  
  34  3:23  Stalker  
  36  3:30  Pylon  
  36  3:31  Probe  
  37  3:49  Observer  
  37  3:54  Nexus  
  38  4:03  Probe, Pylon  
  39  4:13  Forge  
  39  4:14  Observer  
  39  4:15  Probe  
  41  4:27  Probe  
  41  4:28  Gateway  
  42  4:40  Pylon  
  42  4:42  Warp Prism  
  44  5:00  Protoss Ground Weapons Level 1  
  44  5:06  Probe  
  45  5:07  Twilight Council  
  45  5:14  Assimilator  
  45  5:16  Assimilator  
  45  5:35  Zealot x3  
  47  5:36  Zealot  
  53  5:52  Photon Cannon  
  53  5:56  Probe, Dark Shrine  
  54  6:02  Zealot x3  
  54  6:03  Zealot  
  42  6:28  Stalker x2  
  42  6:29  Stalker x2  
  29  7:05  Pylon  
  29  7:07  Pylon  
  28  7:09  Photon Cannon, Pylon  
  28  7:10  Dark Templar x2  
  24  7:31  Gateway, Probe  
  24  7:33  Gateway x2  
  25  7:45  Cybernetics Core  
  25  7:57  Photon Cannon  
  25  8:07  Photon Cannon  
  25  8:11  Pylon  
  25  8:14  Dark Shrine  
  25  8:37  Pylon  
  25  8:38  Pylon  
  25  8:39  Zealot x3  
  31  8:48  Gateway  
  31  8:51  Probe x2  
Show
View Real Time Build Order
Export as new Build Order

ruthsalt Protoss - Winner!

Build Orders:  

Get SALT Encoding   

  12  0:01  Probe  
  13  0:13  Probe  
  14  0:19  Pylon  
  14  0:25  Probe  
  15  0:36  Probe  
  15  0:39  Gateway  
  16  0:44  Probe  
  17  0:50  Assimilator  
  17  0:52  Probe  
  18  1:04  Probe  
  18  1:08  Gateway  
  19  1:16  Probe  
  20  1:21  Gateway  
  20  1:30  Pylon  
  20  1:36  Zealot  
  22  1:45  Probe  
  23  1:56  Zealot  
  25  2:01  Pylon  
  25  2:06  Cybernetics Core  
  25  2:10  Zealot  
  27  2:16  Zealot  
  29  2:25  Assimilator  
  29  2:28  Probe  
  30  2:37  Zealot  
  32  2:40  Probe  
  32  2:42  Zealot  
  35  3:31  Zealot x2  
  39  3:36  Pylon  
  39  3:42  Twilight Council  
  39  3:49  Pylon  
  39  3:54  Zealot  
  41  3:58  Zealot, Pylon, Stalker  
  45  4:06  Charge  
  45  4:21  Stalker  
  47  4:25  Stalker  
  47  4:28  Stalker  
  51  4:31  Stargate  
  51  4:49  Stargate  
  51  4:51  Zealot  
  53  4:54  Stalker  
  53  5:03  Stalker  
  57  5:19  Pylon  
  57  5:22  Zealot  
  57  5:26  Pylon  
  59  5:36  Phoenix  
  59  5:45  Phoenix  
  49  6:14  Pylon  
  45  6:37  Stalker  
  43  7:14  Stalker  
  43  7:15  Stalker  
  39  7:45  Phoenix  
  35  8:31  Stalker  
Show
View Real Time Build Order
Export as new Build Order

DeathJester Protoss - Winner!

Build Orders:  

Get SALT Encoding   

  12  0:00  Probe  
  13  0:08  Probe  
  14  0:18  Probe  
  15  0:26  Pylon  
  15  0:44  Probe  
  15  0:49  Gateway  
  16  0:56  Probe  
  17  1:05  Gateway, Probe  
  18  1:12  Assimilator  
  18  1:14  Probe  
  18  1:17  Assimilator  
  19  1:23  Probe  
  20  1:35  Probe  
  20  1:37  Cybernetics Core  
  21  1:48  Probe  
  22  2:00  Probe  
  23  2:13  Warp Gate  
  23  2:19  Robotics Facility  
  23  2:21  Pylon  
  23  2:23  Pylon  
  23  2:39  Probe  
  21  2:51  Probe  
  21  3:04  Probe  
  21  3:05  Pylon  
  11  3:20  Probe  
  11  3:28  Probe  
  11  3:31  Sentry  
  14  3:39  Probe  
  14  3:42  Observer  
  18  4:05  Stalker  
  18  4:17  Probe  
  19  4:25  Probe  
  20  4:35  Probe  
  21  4:43  Stalker  
  23  4:47  Probe  
  24  4:57  Stalker  
  24  4:59  Probe  
  27  5:11  Probe  
  28  5:18  Stalker  
  30  5:25  Probe  
  30  5:34  Probe  
  31  5:39  Stalker  
  34  5:45  Sentry  
  34  6:38  Probe  
  34  6:45  Stalker x2  
  39  7:18  Nexus  
  39  7:29  Probe  
  38  7:30  Immortal  
  28  7:41  Stalker x2, Probe  
  33  7:53  Probe  
  33  7:57  Pylon  
  34  8:01  Pylon  
  34  8:05  Probe  
  35  8:17  Probe  
  36  8:22  Stargate  
  36  8:23  Stargate  
  36  8:25  Stargate  
  36  8:27  Probe  
  36  8:30  Probe  
  38  8:35  Probe  
  38  8:38  Probe  
  39  8:44  Probe  
  39  8:47  Probe  
  41  8:52  Probe, Assimilator  
  41  8:54  Assimilator  
Tags
 
Add a new tag
Caveats
  • Supply blocks, unpowered buildings, or Contaminate may cause inaccurate times.
  • Supply counts are checked every 10 seconds.